 Dungeon Crawl Stone Soup version 0.21.1-1-g345015f (webtiles) character file.

255 kae the Insei (level 5, 0/38 HPs)
             Began as a Demonspawn Transmuter on May 16, 2018.
             Slain by Grinder (2 damage)
             ... on level 4 of the Dungeon.
             The game lasted 00:03:15 (3649 turns).

kae the Insei (Demonspawn Transmuter)               Turns: 3649, Time: 00:03:16

Health: 0/38       AC:  2    Str: 11    XL:     5   Next: 91%
Magic:  6/9        EV: 19    Int: 14    God:
Gold:   101        SH:  0    Dex: 19    Spells: 3/9 levels left

rFire    . . .     SeeInvis .     - Unarmed
rCold    . . .     Gourm    .   (shield currently unavailable)
rNeg     . . .     Faith    .   (armour currently unavailable)
rPois    x         Spirit   .   (helmet currently unavailable)
rElec    .         Reflect  .   (cloak currently unavailable)
rCorr    .         Harm     .   (gloves currently unavailable)
MR       .....                  (boots currently unavailable)
Stlth    ++........             (no amulet)
HPRegen  0.12/turn              f - ring of wizardry
MPRegen  0.11/turn              (no ring)

@: lethally poisoned (0 -> -6), spider-form (expiring)
A: tiny, demonic guardian 1
a: End Transformation


You were on level 4 of the Dungeon.
You were not hungry.
You were a venomous arachnid creature.
You visited 1 branch of the dungeon, and saw 4 of its levels.

You collected 101 gold pieces.

Inventory:

Missiles
 a - 74 arrows
Armour
 b - a +1 robe
 k - a cursed +0 robe (melded)
Jewellery
 f - a ring of wizardry (left front leg)
 g - an uncursed amulet of faith
Scrolls
 e - a scroll of immolation {unknown}
 i - 2 scrolls of remove curse
 l - a scroll of fear
Potions
 h - a potion of heal wounds
 j - 2 potions of flight
 m - a potion of mutation
Books
 c - a book of Changes

   Spells                             Type                      Level
   a - Beastly Appendage              Transmutation                1
   b - Sticks to Snakes               Transmutation                2
   c - Spider Form                    Transmutation/Poison         3
   d - Ice Form                       Ice/Transmutation            4
   e - Blade Hands                    Transmutation                5
Comestibles
 d - 5 rations
 n - 2 chunks of flesh


   Skills:
 + Level 2.2 Fighting
 - Level 1.7 Dodging
 * Level 4.1 Unarmed Combat
 + Level 2.9 Spellcasting
 * Level 3.6 Transmutations


You had 3 spell levels left.
You knew the following spells:

 Your Spells              Type           Power        Failure   Level  Hunger
a - Beastly Appendage     Tmut           ##....       6%          1    #......
b - Sticks to Snakes      Tmut           ##......     9%          2    ##.....
c - Spider Form           Tmut/Pois      #.........   24%         3    ###....


Dungeon Overview and Level Annotations

Branches:
Dungeon (4/15)
 Temple: D:4-7

Altars:

Annotations:
D:4 Grinder


Innate Abilities, Weirdness & Mutations

((You are mostly covered in yellow scales. (AC +3)))
A weak demonic guardian rushes to your aid.


Message History

You feel sick.
You barely miss Grinder.
Your shadow imp hits Grinder.
Grinder hits you.
You writhe in agony.
You hit Grinder.
Grinder is poisoned.
Grinder is moderately wounded.
You feel sick.
Your shadow imp hits Grinder but does no damage.
Grinder misses you.
Some of the chunks of flesh in your inventory have rotted away.
You bite Grinder!
Grinder is heavily wounded.
You feel sick.
Your shadow imp hits Grinder.
Grinder gestures at you. You resist with significant effort.
You closely miss Grinder.
Grinder is heavily wounded.
Your shadow imp barely misses Grinder.
Grinder hits you!
* * * LOW HITPOINT WARNING * * *
You writhe in agony.
You die...

.##.#####.........#
............####.##
.#########..# #.#
.# #..# #.# .. ...#
#.# ##. ##..# #.# .
...# ##.####.## #
#.## #.....(... #.
#.s####.##
#.....55.....#
######..###### #.(#
...# #.... ..%##
##.#


You could see Grinder and a friendly shadow imp.

Vanquished Creatures
  8 adders
  An ooze (D:1)
  An adder skeleton (D:4)
  A worm (D:3)
  2 dart slugs
  3 leopard geckos
  4 orcs
  2 giant cockroaches
  7 goblins
  8 hobgoblins
  10 jackals
  4 quokkas
  6 bats
  A frilled lizard (D:1)
  9 kobolds
  6 rats
73 creatures vanquished.

Vanquished Creatures (collateral kills)
  A phantom (D:4)
  A howler monkey (D:4)
2 creatures vanquished.

Grand Total: 75 creatures vanquished

Notes
Turn   | Place    | Note
-------+----------+-------------------------------------------
     0 | D:1      | kae the Demonspawn Transmuter began the quest for the Orb.
     0 | D:1      | Reached XP level 1. HP: 15/15 MP: 3/3
   272 | D:1      | Gained mutation: You are partially covered in yellow scales. (AC +2) [demonic ancestry]
   272 | D:1      | Reached XP level 2. HP: 16/21 MP: 3/5
   371 | D:1      | Reached skill level 3 in Unarmed Combat
   900 | D:1      | Gained mutation: You are mostly covered in yellow scales. (AC +3) [demonic ancestry]
   900 | D:1      | Reached XP level 3. HP: 13/26 MP: 6/6
  1503 | D:2      | Learned a level 2 spell: Sticks to Snakes
  1507 | D:2      | Learned a level 3 spell: Spider Form
  2129 | D:2      | Reached XP level 4. HP: 29/32 MP: 7/7
  2916 | D:3      | Gained mutation: A weak demonic guardian rushes to your aid. [demonic ancestry]
  2916 | D:3      | Reached XP level 5. HP: 38/38 MP: 6/8
  3442 | D:4      | Noticed a phantom
  3474 | D:4      | Killed a phantom
  3474 | D:4      | Reached skill level 4 in Unarmed Combat
  3636 | D:4      | Noticed Grinder
  3638 | D:4      | Paralysed by Grinder for 2 turns
  3649 | D:4      | Slain by Grinder

Skill      XL: |  1  2  3  4  5 |
---------------+----------------+-----
Transmutations | 2 3 |  3.6
Unarmed Combat | 3 4 |  4.1
Fighting       | 2 |  2.2
Dodging        | |  1.7
Spellcasting   | |  2.9

Action                   |  1- 3 |  4- 6 || total
-------------------------+-------+-------++-------
Melee: Unarmed           |   132 |   153 ||   285
       Headbutt          |     4 |     8 ||    12
       Kick              |     5 |    13 ||    18
       Punch             |     3 |     2 ||     5
 Cast: Beastly Appendage |    13 |    19 ||    32
       Spider Form       |     1 |     3 ||     4
  Use: Potion            |     2 |       ||     2
       Scroll            |       |     9 ||     9
 Stab: Sleeping          |     2 |     1 ||     3
  Eat: Ration            |     1 |       ||     1
       Chunk             |       |     6 ||     6
Armor: Robe              |    33 |    62 ||    95
       Skin              |     2 |     1 ||     3
Dodge: Dodged            |    80 |    94 ||   174
